[Event "*** Titled Tuesday Blitz"]
[Site "Chess.com"]
[Date "2020.04.14"]
[Round "4"]
[White "krasavetc"]
[Black "swisspower96"]
[Result "1/2-1/2"]
[WhiteElo "2503"]
[BlackElo "2656"]
[TimeControl "180+1"]
[EndTime "10:40:14 PDT"]
[Termination "Game drawn by repetition"]

1. e4 c5 2. Nf3 Nc6 3. Bb5 g6 4. O-O Bg7 5. Re1 e5 6. Nc3 Nge7 7. d3 O-O 8. Nd5 d6 9. Bg5 f6 10. Bc4 Kh8 11. Bd2 Nxd5 12. Bxd5 Ne7 13. Bb3 d5 14. exd5 Nxd5 15. h3 Be6 16. c3 Qd7 17. d4 cxd4 18. cxd4 exd4 19. Nxd4 Bg8 20. Rc1 f5 21. Bxd5 Qxd5 22. Bc3 Rad8 23. Ne2 Qxd1 24.
Rexd1 Rxd1+ 25. Rxd1 Bxa2 26. Rd7 Bxc3 27. Nxc3 Bc4 28.
Rxb7 a6 29. Rc7 Bd3 30. Rd7 Bc2 31. f4 Rb8 32. Nd5 Ba4 33. Ra7 Bb3 34. Nf6 Bg8 35. Rxa6 Kg7 36. Nxg8 Kxg8 37. Ra2 Rb3 38. Kf2 Kg7 39. Ke2 h5 40. Kf2 h4 41. Ra7+ Kh6 42.
Ra2 Kh5 43. Ke2 g5 44. fxg5 Kxg5 45. Kf2 Rb4 46. Ke2 Kf4 47. Kf2 Rb3 48. Ra4+ Kg5 49. Ra2 Rb8 50. Kf3 Rb4 51. Ke3 Rb3+ 52. Kf2 1/2-1/2

[Event "*** Titled Tuesday Blitz"]
[Site "Chess.com"]
[Date "2020.04.14"]
[Round "4"]
[White "Toro1234"]
[Black "hakki1"]
[Result "1-0"]
[WhiteElo "2628"]
[BlackElo "2393"]
[TimeControl "180+1"]
[EndTime "10:40:14 PDT"]
[Termination "Toro1234 won on time"]

1. d4 g6 2. c4 Bg7 3. e4 d6 4.
Nc3 e5 5. Nge2 exd4 6. Nxd4 Ne7 7. Be3 O-O 8. Qd2 Nbc6 9. Nxc6 bxc6 10. Be2 f5 11.
exf5 Nxf5 12. Bg5 Bf6 13. Bxf6 Qxf6 14. O-O Be6 15. b3 c5 16. Bd3 Nd4 17. Ne2 Qh4 18. Rae1 Rae8 19. Nxd4 Qxd4 20. Re4 Qf6 21. Re3 Bf5 22.
Bxf5 Qxf5 23. Rfe1 Rxe3 24. Qxe3 Rf7 25. g3 Kg7 26. h4 h5 27. Kg2 Qc2 28. Re2 Qf5 29.
Rd2 Qf6 30. Re2 Qf5 31. a3 Qg4 32. Qc3+ Qd4 33. Qxd4+ cxd4 34. b4 c5 35. bxc5 dxc5 36. Re5 Rd7 37. Kf1 d3 38. Ke1 d2+ 39. Kd1 Rd3 40. Rxc5 Rxa3 41. Kxd2 Ra2+ 42. Ke3 Ra3+ 43. Kf4 Ra2 44. f3 Ra3 45. Rc7+ Kf6 46. g4 hxg4 47.
fxg4 g5+ 48. hxg5+ Kg6 49. Rc6+ Kg7 50. g6 Ra5 51. c5 Rb5 52. Kg5 Rb7 53. Rd6 a5 54. Kf5 Ra7 55. c6 1-0

[Event "*** Titled Tuesday Blitz"]
[Site "Chess.com"]
[Date "2020.04.14"]
[Round "4"]
[White "lelya96"]
[Black "Fh2411"]
[Result "0-1"]
[WhiteElo "2261"]
[BlackElo "2469"]
[TimeControl "180+1"]
[EndTime "10:40:14 PDT"]
[Termination "Fh2411 won on time"]

1. e4 c5 2. Nf3 e6 3. d4 cxd4 4. Nxd4 a6 5. Bd3 Bc5 6. Nb3 Be7 7. Nc3 d6 8. O-O Nf6 9. f4 Nbd7 10. Qe2 Qc7 11. Kh1 b5 12. a3 Bb7 13. f5 e5 14.
Bd2 O-O 15. Rae1 Rfe8 16. a4 b4 17. Nd1 d5 18. Nf2 a5 19. c3 dxe4 20. Nxe4 Bd5 21. c4 Bc6 22. Rc1 Bxa4 23. Nxf6+ Nxf6 24. Na1 Bc6 25. b3 Rad8 26. Bg5 h6 27. Bxf6 Bxf6 28. Be4 Bxe4 29. Qxe4 Rd4 30. Qe3 e4 31. Rfd1 Rxd1+ 32. Rxd1 Bg5 33. Qf2 e3 34. Qe2 Qe5 35. Nc2 Qxf5 36.
Nd4 Qe4 37. c5 Rc8 38. Qc4 Qb7 39. c6 Qc7 40. h3 Bf6 0-1

[Event "*** Titled Tuesday Blitz"]
[Site "Chess.com"]
[Date "2020.04.14"]
[Round "4"]
[White "Storne89"]
[Black "dusanacns"]
[Result "0-1"]
[WhiteElo "2609"]
[BlackElo "2786"]
[TimeControl "180+1"]
[EndTime "10:40:15 PDT"]
[Termination "dusanacns won on time"]

1. d4 Nf6 2. Nf3 g6 3. Nbd2 Bg7 4. e4 O-O 5. Bd3 d6 6. O-O Nc6 7. c3 e5 8. Re1 Nh5 9. dxe5 Nxe5 10. Bf1 Qf6 11. Nxe5 dxe5 12. g3 Qe7 13. Nc4 Be6 14. Qe2 Rfd8 15. a4 a5 16. b3 b6 17. Rb1 Qe8 18. Ne3 Nf6 19. Bg2 Qc6 20. Qb5 Qb7 21. Nc2 Nd7 22. Ba3 Bf8 23. Bxf8 Kxf8 24. b4 c6 25. Qe2 Qc7 26. Ra1 Kg7 27. Ne3 Nf6 28.
h3 Ne8 29. Qc2 Nd6 30. Red1 h5 31. Kh2 Nb7 32. Qb2 Qe7 33. h4 f6 34. b5 Qc7 35.
bxc6 Qxc6 36. Nd5 Bxd5 37. exd5 Qd6 38. Rab1 Nc5 39. Qb5 Rab8 40. Rb2 Rdc8 41. Rdb1 Rc7 42. Qc4 f5 43. Qb5 Rbb7 0-1

[Event "*** Titled Tuesday Blitz"]
[Site "Chess.com"]
[Date "2020.04.14"]
[Round "4"]
[White "jwillz14"]
[Black "Rodalquilar"]
[Result "0-1"]
[WhiteElo "2385"]
[BlackElo "2626"]
[TimeControl "180+1"]
[EndTime "10:40:15 PDT"]
[Termination "Rodalquilar won by checkmate"]

1. Nf3 d5 2. g3 Nf6 3. Bg2 Bf5 4. O-O e6 5. c4 c6 6. Qb3 Qb6 7. d3 Nbd7 8. Nc3 Be7 9. Be3 Qxb3 10. axb3 a6 11. Nd4 Bg6 12. cxd5 exd5 13. Nc2 O-O 14. h3 Rfe8 15. f4 h5 16. f5 Bh7 17. Bd4 Bd6 18. Rf3 Ne5 19. Rff1 Rad8 20. Bb6 Rc8 21. Bd4 Rcd8 22.
Bb6 Rc8 23. Bd4 Ned7 24. Rf3 Re7 25. b4 Ne5 26. Re3 Rce8 27. Rf1 Bc7 28. Bc5 Rd7 29. b3 Rdd8 30. Bd4 Nfd7 31. Na4 f6 32. Nc5 Nxc5 33. bxc5 Nf7 34. Kf2 Bxf5 35. Bf3 Bxh3 36. Bxh5 Bxf1 37. Kxf1 Rxe3 38. Nxe3 Bxg3 39. Nf5 Be5 40. Ne7+ Kf8 41. Ng6+ Ke8 42. Bxe5 fxe5 43. Nxe5 Ke7 44. Bxf7 Rf8 45. Ng6+ Kxf7 46. Nxf8 Kxf8 47. d4 Kf7 48. Kf2 Kf6 49. Kf3 a5 50. Kf4 g5+ 51. Kg4 Kg6 52. e3 Kf6 53. e4 dxe4 54. Kg3 Kf5 55. b4 axb4 56. Kf2 b3 57. d5 cxd5 58. c6 bxc6 59. Ke3 b2 60. Kd4 b1=Q 61. Kc5 Qc2+ 62. Kd6 d4 63. Kc7 d3 64. Kb6 d2 65. Kc7 d1=Q 66. Kb6 Qdb1+ 67. Kc7 Qc5 68. Kc8 Qbb6 69.
Kd7 Qb7+ 70. Ke8 Qe5+ 71. Kf8 Qeb8# 0-1

[Event "*** Titled Tuesday Blitz"]
[Site "Chess.com"]
[Date "2020.04.14"]
[Round "4"]
[White "FILI86"]
[Black "Blitzking642"]
[Result "1-0"]
[WhiteElo "2605"]
[BlackElo "2395"]
[TimeControl "180+1"]
[EndTime "10:40:15 PDT"]
[Termination "FILI86 won on time"]

1. Nf3 c5 2. g3 g6 3. Bg2 Bg7 4. O-O Nc6 5. c4 e6 6. Nc3 Nge7 7. d3 O-O 8. a3 d5 9. Bd2 b6 10. Rb1 a5 11. Qc1 Re8 12. Bh6 Bh8 13. h4 Bb7 14. Nb5 Na7 15. Nxa7 Rxa7 16. Bg5 Qd7 17. Rd1 Nc6 18.
h5 Raa8 19. h6 Rac8 20. Qc2 Nd4 21. Nxd4 cxd4 22. Rbc1 dxc4 23. Bxb7 Qxb7 24. dxc4 Rc5 25. Qd2 Rec8 26. b4 axb4 27. axb4 Rxc4 28. Rxc4 Rxc4 29. Qf4 e5 30. Qd2 f6 31. Qa2 b5 32. Bd2 Kf7 33.
Ra1 f5 34. Qa5 Bf6 35. Qa2 g5 36. Qb1 e4 37. Ra5 e3 38. Be1 Qd5 39. f3 d3 40. exd3 Rc6 41. Kg2 Bd4 42. Ra8 g4 43. Qd1 Rc2+ 44. Qxc2 Qxf3+ 45. Kh2 e2 46. Qc7+ Kg6 47.
Rg8+ Kh5 48. Qf7+ 1-0

[Event "*** Titled Tuesday Blitz"]
[Site "Chess.com"]
[Date "2020.04.14"]
[Round "4"]
[White "Tesla37"]
[Black "Muracle"]
[Result "1-0"]
[WhiteElo "2883"]
[BlackElo "2680"]
[TimeControl "180+1"]
[EndTime "10:40:16 PDT"]
[Termination "Tesla37 won by resignation"]

1. e4 c5 2. Nf3 Nc6 3. Nc3 g6 4. d4 cxd4 5. Nxd4 Bg7 6. Nde2 Nf6 7. g3 h5 8. h3 d6 9. Bg2 h4 10. g4 Nxg4 11. hxg4 Bxg4 12. Bh3 Bf3 13. Rg1 Ne5 14. Bf4 Qa5 15. Qd5 Qb6 16. Qb5+ Qxb5 17.
Nxb5 Kd8 18. Nbc3 Nc4 19. O-O-O Bxe2 20. Nxe2 Bxb2+ 21. Kb1 Bg7 22. c3 b5 23. Kc2 Kc7 24. Bg5 Rae8 25. Nd4 a6 26. a4 Rh5 27. axb5 axb5 28.
Nxb5+ Kb6 29. Nd4 Ra8 30. Rb1+ Kc7 31. Bxe7 Na3+ 32. Kd3 Nxb1 33. Rxb1 Bxd4 34. Kxd4 Ra4+ 35. c4 Re5 36. Bf6 Rc5 37. Bf1 h3 38. e5 Ra2 39.
exd6+ Kxd6 40. Bxh3 Rd2+ 41. Kc3 Rxf2 42. Bd4 Rf3+ 43.
Kb4 Rh5 44. Bg4 Rf4 45. Bxh5 gxh5 46. Bc5+ Kc6 47. Rh1 h4 48. Be3 Re4 49. Bf2 f5 1-0

[Event "*** Titled Tuesday Blitz"]
[Site "Chess.com"]
[Date "2020.04.14"]
[Round "4"]
[White "sergiochess83"]
[Black "AlleyOoper"]
[Result "0-1"]
[WhiteElo "2798"]
[BlackElo "2592"]
[TimeControl "180+1"]
[EndTime "10:40:16 PDT"]
[Termination "AlleyOoper won by resignation"]

1. e4 c6 2. d4 d5 3. e5 Bf5 4. Nf3 e6 5. Be2 c5 6. Be3 Qb6 7. Nc3 Nc6 8. Na4 Qa5+ 9. c3 c4 10. Nh4 Be4 11. f3 Bg6 12. b4 Qd8 13. Nxg6 hxg6 14.
g3 b5 15. Nc5 a5 16. a3 Bxc5 17. bxc5 Nge7 18. O-O b4 19. axb4 axb4 20. cxb4 Nxb4 21.
Qd2 Nec6 22. Qc3 O-O 23. Rfb1 Rxa1 24. Rxa1 Qc7 25. Ra4 Rb8 26. Kg2 Qb7 27. h4 Qb5 28. Ra3 Qb7 29. g4 Ra8 30. Bc1 Rxa3 31. Bxa3 Qb5 32.
Kf2 Qa4 33. Bb2 Kf8 34. h5 gxh5 35. gxh5 Qc2 36. Qxc2 Nxc2 37. Bd1 N2xd4 38. Ba4 Ke7 39. Bc3 Kd8 40. f4 Kc7 41. Bxd4 Nxd4 42. Be8 c3 43.
Ke3 c2 44. Kd2 Kb7 45. Bxf7 Kc6 46. Bg6 Kxc5 47. Bxc2 Nxc2 48. Kxc2 Kd4 49. f5 Kxe5 50. fxe6 Kxe6 51. Kd3 Kf5 52. Kd4 Kg5 0-1

[Event "*** Titled Tuesday Blitz"]
[Site "Chess.com"]
[Date "2020.04.14"]
[Round "4"]
[White "Siemba"]
[Black "Nbk90"]
[Result "0-1"]
[WhiteElo "2244"]
[BlackElo "2529"]
[TimeControl "180+1"]
[EndTime "10:40:16 PDT"]
[Termination "Nbk90 won on time"]

1. e4 e5 2. Nf3 Nc6 3. Bc4 Bc5 4. c3 Nf6 5. d3 d6 6. O-O a6 7. a4 Ba7 8. h3 O-O 9. Nbd2 h6 10. b4 Ne7 11. Re1 Ng6 12. Nf1 c6 13. Be3 d5 14.
Bxa7 Rxa7 15. exd5 cxd5 16. Bb3 Re8 17. Ng3 b6 18.
Qd2 Rae7 19. Rad1 Qd6 20. d4 e4 21. Ne5 Nxe5 22. dxe5 Qxe5 23. Bxd5 Nxd5 24. Qxd5 Qxc3 25. Rxe4 Rxe4 26. Nxe4 Qxb4 27. Nd6 Be6 28. Qc6 Rd8 29. g3 Qc5 30. Qxc5 bxc5 31. Rd2 Rb8 32. Ne4 Bxh3 33.
Nxc5 Bg4 34. Kg2 a5 35. Rd5 Rb4 36. Rd8+ Kh7 37. Ra8 Rc4 38. Rxa5 Rc3 39. Rb5 Bf3+ 40. Kh2 h5 41. Kh3 g5 42. g4 Bxg4+ 43. Kh2 Bf3 44. Rb6 h4 45. Nd7 Rc1 46. Nf6+ Kg7 47. Ne8+ Kf8 0-1

[Event "*** Titled Tuesday Blitz"]
[Site "Chess.com"]
[Date "2020.04.14"]
[Round "4"]
[White "gliglu"]
[Black "Bastiandash"]
[Result "1-0"]
[WhiteElo "2384"]
[BlackElo "2060"]
[TimeControl "180+1"]
[EndTime "10:40:16 PDT"]
[Termination "gliglu won by resignation"]

1. g3 d5 2. Bg2 c6 3. Nf3 Nf6 4. d3 Bf5 5. O-O e6 6. Nc3 Be7 7. Re1 O-O 8. Nh4 Bg6 9. Nxg6 hxg6 10. e4 dxe4 11. dxe4 e5 12. Be3 Nbd7 13. Qe2 Qc7 14. Qc4 Nb6 15. Qb3 Nbd7 16. a4 Bc5 17. Rad1 Bxe3 18.
Rxe3 Nc5 19. Qc4 Ne6 20. Red3 Rad8 21. b4 Rxd3 22. Rxd3 Rd8 23. Bf1 Rxd3 24. Bxd3 Qd6 25. b5 Ng5 26. h4 Nf3+ 27. Kg2 Ne1+ 28. Kf1 Nf3 29. Ke2 Nd4+ 30. Kd2 Nf3+ 31. Ke3 Nd4 32. bxc6 bxc6 33. Ne2 Ng4+ 34. Kd2 Nf3+ 35. Kc3 Qa3+ 36. Qb3 Qc5+ 37. Kb2 Nxf2 38. Bc4 Nd4 39. Bxf7+ Kh7 40.
Qc4 Qxc4 41. Bxc4 Nxe2 42. Bxe2 Nxe4 43. g4 Nc5 44. Ka3 Kg8 45. Kb4 Nd7 46. Bf3 Nb8 47.
Kc5 Kf8 48. Kd6 Kf7 49. Kxe5 Ke7 50. Be4 Nd7+ 51. Kd4 Kd6 52. Bxg6 Ne5 53. Bf5 g6 54. Bc8 Nxg4 55. Bxg4 1-0

[Event "*** Titled Tuesday Blitz"]
[Site "Chess.com"]
[Date "2020.04.14"]
[Round "4"]
[White "LiemLe"]
[Black "Vincent_Vega95"]
[Result "1/2-1/2"]
[WhiteElo "3005"]
[BlackElo "2777"]
[TimeControl "180+1"]
[EndTime "10:40:17 PDT"]
[Termination "Game drawn - insufficient material"]

1. e4 c5 2. Nf3 Nc6 3. d4 cxd4 4.
Nxd4 Nf6 5. Nc3 e5 6. Ndb5 d6 7. Nd5 Nxd5 8. exd5 Nb8 9. a4 Be7 10.
Bd2 O-O 11. a5 Nd7 12. Bb4 Nf6 13. Be2 Ne4 14. f3 Nc5 15. Bxc5 dxc5 16. d6 Bg5 17. Qd5 Be3 18. Nc7 Qh4+ 19. Kd1 Rb8 20. Ra3 Qd4+ 21.
Qxd4 exd4 22. Nd5 Bh6 23. Re1 Rd8 24. Bc4 Kf8 25. Nc7 Be3 26. Nd5 Bh6 27. Nc7 Bf4 28. g3 Bxd6 29. Nb5 a6 30. Nxd6 Rxd6 31. Re5 Rc6 32.
Rb3 Be6 33. Bxe6 fxe6 34. c3 dxc3 35. Rxc3 Rbc8 36. Kc2 Ke7 37. f4 Kf6 38. g4 h6 39.
h4 c4 40. g5+ hxg5 41. hxg5+ Kf7 42. Rce3 Rd8 43. f5 exf5 44. Rxf5+ Kg6 45. Rfe5 Rd7 46. Kc3 b5 47. axb6 Rxb6 48. Re6+ Rxe6 49. Rxe6+ Kxg5 50. Rxa6 Rb7 51. Rc6 Kh5 52. Rxc4 g5 53. Rc8 g4 54. Rg8 Kh4 55. b4 g3 56. Kc4 Kh3 57. b5 Kh2 58. Kc5 g2 59. Kc6 Rxb5 60. Rxg2+ Kxg2 61. Kxb5 1/2-1/2

[Event "*** Titled Tuesday Blitz"]
[Site "Chess.com"]
[Date "2020.04.14"]
[Round "4"]
[White "abubakrtagelsir"]
[Black "stoleriu"]
[Result "0-1"]
[WhiteElo "2282"]
[BlackElo "2474"]
[TimeControl "180+1"]
[EndTime "10:40:17 PDT"]
[Termination "stoleriu won by resignation"]

1. Nf3 Nf6 2. g3 b5 3. Bg2 d5 4. O-O e6 5. a4 b4 6. c4 bxc3 7. bxc3 Be7 8. d3 O-O 9. h3 a5 10. Be3 Nbd7 11. Nd4 Bb7 12. Nd2 Re8 13. Rb1 Qc8 14.
Qc2 e5 15. Nf5 Bf8 16. g4 Ra6 17. c4 Nb6 18. c5 Nbd7 19. Rfc1 Bc6 20. d4 exd4 21.
Nxd4 Bxc5 22. g5 Bxd4 23. Bxd4 Ne4 24. Qd3 Nxd2 25. Qxd2 Bxa4 26. Bxd5 Rd6 27. Qa2 Rxd5 28. Qxd5 Nf8 29. Qxa5 Qxh3 30. Rc3 Qg4+ 31. Rg3 Qxd4 32. Qxc7 Bd7 33. Rd3 Qg4+ 34. Rg3 Qxe2 35. Rf1 Bb5 36. Rb1 Bd3 37. Rc1 Bg6 38. Qc3 Qe6 39. Re3 Qg4+ 40. Rg3 Qf4 41. Rf1 Ne6 42. Qa5 Nd4 43. Qd5 Ne2+ 44.
Kg2 Nxg3 45. fxg3 Re2+ 46. Kh3 Qxf1+ 0-1

[Event "*** Titled Tuesday Blitz"]
[Site "Chess.com"]
[Date "2020.04.14"]
[Round "4"]
[White "PenguinPacks"]
[Black "827883"]
[Result "0-1"]
[WhiteElo "2350"]
[BlackElo "2061"]
[TimeControl "180+1"]
[EndTime "10:40:17 PDT"]
[Termination "827883 won on time"]

1. e4 e5 2. Nf3 Nc6 3. Bb5 a6 4. Ba4 Nf6 5. O-O Be7 6. d4 exd4 7. e5 Ne4 8. Re1 d5 9. Nxd4 Bd7 10. Bxc6 Bxc6 11. Nf5 O-O 12. Qg4 g6 13. f3 Bc5+ 14. Kf1 Nf2 15. Qg3 Bb5+ 16. Re2 Bxe2+ 17. Kxe2 Re8 18. Nh6+ Kg7 19. Bg5 f6 20. Bh4 Rxe5+ 21. Qxe5 fxe5 22. Bxd8 Rxd8 23. Nd2 Kxh6 24. Nb3 Bb6 25. Rc1 e4 26. c4 exf3+ 27. gxf3 dxc4 28. Rxc4 Re8+ 29. Kf1 Kg5 30. Nd2 Nd3 31. Ne4+ Kf5 32.
b3 Ne5 33. Ng3+ Kf6 34. Re4 Rd8 35. f4 Ng4 36. Ke2 Nxh2 37. f5 gxf5 38. Rh4 Ng4 39. Rxh7 Re8+ 40. Kf3 Ne5+ 41. Kg2 Rg8 42. Kh3 f4 43.
Nh5+ Kf5 44. Re7 f3 45. Ng3+ Kf4 46. Nh5+ Ke4 47. Nf6+ Kf5 48. Nxg8 Ng6 0-1

[Event "*** Titled Tuesday Blitz"]
[Site "Chess.com"]
[Date "2020.04.14"]
[Round "4"]
[White "goldenspine"]
[Black "Ziachess74"]
[Result "1-0"]
[WhiteElo "2329"]
[BlackElo "2530"]
[TimeControl "180+1"]
[EndTime "10:40:18 PDT"]
[Termination "goldenspine won on time"]

1. d4 d5 2. c4 c6 3. Nf3 e6 4. e3 Nf6 5. Nc3 Nbd7 6. Bd3 dxc4 7. Bxc4 b5 8. Bd3 Bb7 9. O-O a6 10. b3 Rc8 11. Bb2 Be7 12. Rc1 c5 13. Bb1 O-O 14. Re1 Nb6 15. h3 cxd4 16. Nxd4 Nbd5 17.
Nxd5 Qxd5 18. e4 Qg5 19. Nf3 Rxc1 20. Bxc1 Qc5 21. Be3 Qa3 22. Qd4 Rd8 23. Qa7 Bc6 24.
Bc1 Qc5 25. Be3 Qxa7 26. Bxa7 Bb4 27. Rc1 Bxe4 28. Bxe4 Nxe4 29. Rc6 Rd1+ 30. Kh2 h6 31.
Rxa6 Bd6+ 32. g3 Rd3 33. Kg2 g5 34. Rb6 b4 35. Rb5 Nc3 36. Ra5 e5 37. Nxe5 Bxe5 38. Rxe5 Nxa2 39. Bc5 Rxb3 40. Re8+ Kg7 41. Ra8 Nc3 42.
Rb8 Nd5 43. Bf8+ Kg6 44. Rd8 Nf6 45. Rd6 Kf5 46. Rb6 Ke5 47. Bg7 1-0

[Event "*** Titled Tuesday Blitz"]
[Site "Chess.com"]
[Date "2020.04.14"]
[Round "4"]
[White "Grischuk"]
[Black "kuli4ik"]
[Result "1-0"]
[WhiteElo "3095"]
[BlackElo "2784"]
[TimeControl "180+1"]
[EndTime "10:40:20 PDT"]
[Termination "Grischuk won by checkmate"]

1. Nf3 g6 2. e4 Bg7 3. d4 a6 4. Bd3 d6 5. O-O Nf6 6. Re1 O-O 7. h3 Nc6 8. d5 Na7 9. a4 c6 10. c4 Bd7 11. a5 b5 12. axb6 Qxb6 13. Nc3 Qb7 14.
Ra2 Rfb8 15. Bg5 Nc8 16. Qd2 Be8 17. dxc6 Bxc6 18. Nd5 Ne8 19. Bh6 Bh8 20. Bf1 Qb3 21. Rea1 Bxb2 22. Nd4 Bxd4 23. Qxd4 e5 24. Qd2 Bxd5 25.
exd5 Ne7 26. g4 Qb6 27. Be3 Qb7 28. Bg2 Qc7 29. c5 dxc5 30. d6 Nxd6 31. Bxa8 Rxa8 32.
Rxa6 Rxa6 33. Rxa6 Nec8 34. Qd5 c4 35. Rc6 Qd7 36.
Bc5 c3 37. Bxd6 c2 38. Rxc2 Nxd6 39. Rd2 Qe7 40. Qxd6 Qg5 41. Re2 f6 42. Qd3 Kg7 43.
Qe3 Qh4 44. Kg2 h5 45. g5 fxg5 46. Qxe5+ Kh7 47. Qe7+ Kh6 48. Qf8+ Kh7 49. Re7# 1-0

[Event "*** Titled Tuesday Blitz"]
[Site "Chess.com"]
[Date "2020.04.14"]
[Round "4"]
[White "Stormeman100100"]
[Black "mphofmann"]
[Result "1-0"]
[WhiteElo "2456"]
[BlackElo "2263"]
[TimeControl "180+1"]
[EndTime "10:40:20 PDT"]
[Termination "Stormeman100100 won on time"]

1. e4 b6 2. d4 Bb7 3. Bd3 e6 4. Nf3 c5 5. c3 Nf6 6. e5 Nd5 7. O-O cxd4 8. cxd4 Be7 9. Nc3 O-O 10.
Ne4 Nc6 11. Bg5 f5 12. Bxe7 fxe4 13. Bxd8 exf3 14. Bh4 fxg2 15. Re1 Nxd4 16. Be4 Rf4 17. Bg3 Rxe4 18. Rxe4 Nf5 19. Rc4 Rf8 20. Rac1 Nde3 21.
fxe3 Nxe3 22. Qe2 Rf1+ 23. Rxf1 gxf1=Q+ 24. Qxf1 Nxf1 25. Kxf1 Ba6 26. b3 Kf7 27. Kf2 Bxc4 28. bxc4 Kg6 29. Ke3 Kf5 30. Kd4 g5 31. c5 h5 32.
cxb6 axb6 33. a4 h4 34. Bf2 Kf4 35. Be3+ Kf5 36. Kd3 g4 37. Bxb6 g3 38. h3 Kxe5 39. a5 Kd5 40. a6 Kc6 41. a7 Kb7 42. Ke2 d5 43. Bd4 e5 44. Bxe5 Kxa7 45. Bf6 d4 46.
Bxd4+ Kb7 47. Bf6 1-0

[Event "*** Titled Tuesday Blitz"]
[Site "Chess.com"]
[Date "2020.04.14"]
[Round "4"]
[White "chenxiaoyuer"]
[Black "UmutErdemGunduz"]
[Result "1-0"]
[WhiteElo "2084"]
[BlackElo "2369"]
[TimeControl "180+1"]
[EndTime "10:40:20 PDT"]
[Termination "chenxiaoyuer won by checkmate"]

1. e4 e5 2. Nf3 Nc6 3. Bb5 a6 4. Ba4 Nf6 5. d3 b5 6. Bb3 Be7 7. O-O O-O 8. Bd5 Bd6 9. Bg5 h6 10. Bh4 Bb7 11. Nbd2 g5 12. Bg3 Nxd5 13. exd5 Ne7 14.
c4 Ng6 15. Ne4 f5 16. Nxd6 cxd6 17. h3 Rc8 18. b3 Qf6 19. Qd2 f4 20. Bh2 h5 21. Qe2 g4 22. Nd2 f3 23. gxf3 gxf3 24. Qe3 Kh7 25. Ne4 Qe7 26. Kh1 Nf4 27. Rg1 bxc4 28.
dxc4 Rf5 29. Rg3 Rcf8 30. Rag1 Ne2 31. Rg7+ Qxg7 32. Rxg7+ Kxg7 33. Nxd6 Ba8 34. Nxf5+ Rxf5 35. Bxe5+ Kg6 36. Bh2 d6 37. Qe8+ Rf7 38. Qxa8 Nd4 39. Qe8 Nf5 40. Qe6+ Rf6 41. Qe4 Rf7 42. Bxd6 Re7 43. Bxe7 h4 44. Bxh4 Kh6 45. Qxf5 a5 46. Qg5+ Kh7 47. d6 Kh8 48. d7 Kh7 49. d8=Q a4 50. Qdg8# 1-0

[Event "*** Titled Tuesday Blitz"]
[Site "Chess.com"]
[Date "2020.04.14"]
[Round "4"]
[White "Taran2004"]
[Black "ErikRonka"]
[Result "0-1"]
[WhiteElo "1991"]
[BlackElo "2380"]
[TimeControl "180+1"]
[EndTime "10:40:20 PDT"]
[Termination "ErikRonka won by resignation"]

1. e4 c6 2. d4 d5 3. e5 c5 4.
dxc5 e6 5. a3 Nc6 6. Nf3 Bxc5 7.
b4 Bb6 8. Bb2 Nge7 9. Bd3 Ng6 10. O-O Nf4 11. c4 O-O 12. Nc3 Nxd3 13. Qxd3 dxc4 14.
Qxc4 a6 15. Ne4 Bd7 16. Rfd1 Qe7 17. Nd6 Rab8 18. Rd2 Rfd8 19. Rad1 Bc7 20. Qe4 Be8 21. h4 h6 22. Qg4 Qf8 23. Nd4 Bxd6 24. Nxc6 Bxc6 25.
exd6 Bd5 26. Rd3 f6 27. Rxd5 exd5 28. Rxd5 Rxd6 29. Rxd6 Qxd6 30. Qc4+ Kh8 31. Bd4 Rd8 32.
Be3 Qd5 33. Qc7 Qd1+ 34. Kh2 Qd6+ 35. Qxd6 Rxd6 36. a4 Kg8 37. g4 Kf7 38. Kg3 Ke6 39. Kf4 Rd3 40. Ke4 Rb3 41. Bc5 b6 42.
Bf8 g5 43. hxg5 hxg5 44. a5 bxa5 45. bxa5 Rb5 46. f4 gxf4 47. Kxf4 Rxa5 48. Bh6 Ra4+ 49. Kf3 a5 50. Bd2 Ra2 51. Bc3 a4 52. Kf4 Rc2 53.
Bb4 Rc4+ 0-1

[Event "*** Titled Tuesday Blitz"]
[Site "Chess.com"]
[Date "2020.04.14"]
[Round "4"]
[White "JiaHaoxiang"]
[Black "eCztery"]
[Result "0-1"]
[WhiteElo "2611"]
[BlackElo "2404"]
[TimeControl "180+1"]
[EndTime "10:40:21 PDT"]
[Termination "eCztery won by checkmate"]

1. d4 d5 2. c4 e6 3. Nf3 Nf6 4. g3 dxc4 5. Bg2 c5 6. O-O Nc6 7. dxc5 Qxd1 8. Rxd1 Bxc5 9. Nbd2 Ng4 10. e3 Bxe3 11. fxe3 Nxe3 12. Rf1 Nxf1 13. Kxf1 O-O 14. Nxc4 Nb4 15. Bd2 Nd5 16. Nfe5 b6 17. Rd1 Ba6 18. b3 Rfd8 19. Ke1 Rac8 20. Bc1 f6 21. Nd3 Nc3 22. Rd2 Bxc4 23. bxc4 Rxc4 24. Bf1 Ne4 25. Rd1 Rc2 26. Nf4 Rxd1+ 27. Kxd1 Rxh2 28. Bc4 Nxg3 29. Bxe6+ Kh8 30. Be3 Ne4 31. Bd4 Rd2+ 32. Ke1 Rxd4 33. Ke2 Nc5 34. Ke3 Re4+ 35. Kf3 Rxe6 36. Nd5 Re5 37. Nc3 h6 38. Nb5 Kh7 39. Nxa7 h5 40. Nc8 Kg6 41. Nxb6 h4 42.
Nc4 h3 43. Kg3 Re4 44. Nd2 Re3+ 45. Kf2 Ra3 46. Nf3 Rxa2+ 47. Kg3 Ra3 48. Kf2 Rxf3+ 49.
Kxf3 Kg5 50. Kg3 Ne4+ 51. Kxh3 Kf4 52. Kh4 g5+ 53. Kh3 g4+ 54. Kh4 g3 55. Kh3 Kf3 56.
Kh4 g2 57. Kh5 g1=Q 58. Kh6 Qg8 59. Kh5 Qh7# 0-1

[Event "*** Titled Tuesday Blitz"]
[Site "Chess.com"]
[Date "2020.04.14"]
[Round "4"]
[White "ljuks68"]
[Black "LastHeroJr"]
[Result "0-1"]
[WhiteElo "2327"]
[BlackElo "2533"]
[TimeControl "180+1"]
[EndTime "10:40:21 PDT"]
[Termination "LastHeroJr won by resignation"]

1. e4 e5 2. Nf3 Nc6 3. Bb5 a6 4. Ba4 Nf6 5. Qe2 b5 6. Bb3 Be7 7.
c3 O-O 8. d4 d6 9. O-O Bg4 10. Rd1 Qb8 11. h3 Bh5 12. g4 Bg6 13. Bc2 Re8 14. d5 Na5 15. Nbd2 Nxd5 16. Nb3 Nxb3 17.
Bxb3 Nf6 18. Bc2 Qb7 19. Re1 Bf8 20. Bg5 Nd7 21. h4 h6 22. Bd2 f6 23. g5 Bh5 24.
gxh6 gxh6 25. Qe3 Kh8 26. Nh2 Nc5 27. Kh1 Ne6 28. Rg1 Nf4 29. Qg3 Bf7 30. Bxf4 exf4 31. Qxf4 Re6 32. Ng4 Bg7 33. Nxh6 Bh5 34. Rxg7 Kxg7 35.
Rg1+ Kh8 36. Nf5 c5 37. Rg7 Qxg7 38. Nxg7 Kxg7 39. Qf5 Bf7 40. h5 Kf8 41. h6 Ke7 42. h7 Re5 43. Qh3 Rh5 44. Qxh5 Bxh5 45. f4 Rh8 46. e5 fxe5 47. fxe5 dxe5 48. Kh2 Kf6 49. Kg3 Bg6 50. Kf2 Bxc2 0-1

[Event "*** Titled Tuesday Blitz"]
[Site "Chess.com"]
[Date "2020.04.14"]
[Round "4"]
[White "avocadosheena"]
[Black "esskeettit"]
[Result "0-1"]
[WhiteElo "2134"]
[BlackElo "2338"]
[TimeControl "180+1"]
[EndTime "10:40:21 PDT"]
[Termination "esskeettit won by resignation"]

1. d4 Nf6 2. c4 e6 3. Nf3 d5 4. Nc3 Be7 5. cxd5 exd5 6. Qc2 O-O 7. Bf4 c6 8. e3 Nbd7 9. Bd3 Re8 10. O-O Nf8 11. h3 Ne6 12. Bh2 g6 13. Rab1 a5 14.
a3 Ng7 15. b4 axb4 16. axb4 Bf5 17. Bxf5 Nxf5 18. Na4 Nd6 19. Bxd6 Bxd6 20. Nc5 Qe7 21. Rfc1 Rec8 22. Qb3 b6 23. Nd3 Ne4 24. b5 Ra3 25.
Qd1 c5 26. dxc5 bxc5 27. b6 Nc3 28. Rxc3 Rxc3 29. Nf4 Bxf4 30. exf4 d4 31. Ne5 Qb7 32. Qd2 f6 33. Ng4 Rc6 34. Qb2 Kg7 35. Qb5 h5 36. Nh2 Rc2 37. Nf3 Re6 38. Qd3 Rc3 39. Qb5 Rc2 40. Qa5 Ree2 41. Qa7 Re7 42. Qxb7 Rxb7 43.
Ne1 Rc4 44. Nd3 Rc3 45. Nc1 d3 46. Na2 Rc2 47. Nc1 d2 48. Nd3 c4 49. Nc5 Rc1+ 50. Rxc1 dxc1=Q+ 51. Kh2 Rxb6 0-1

[Event "*** Titled Tuesday Blitz"]
[Site "Chess.com"]
[Date "2020.04.14"]
[Round "4"]
[White "KobyKalavannan"]
[Black "korbul"]
[Result "0-1"]
[WhiteElo "2672"]
[BlackElo "2529"]
[TimeControl "180+1"]
[EndTime "10:40:22 PDT"]
[Termination "korbul won by checkmate"]

1. d4 Nf6 2. c4 e6 3. g3 d5 4. Bg2 Be7 5. Nf3 O-O 6. O-O c6 7. Qc2 Nbd7 8. Nbd2 b6 9. e4 Bb7 10. Rd1 Rc8 11. Ne5 Nxe5 12. dxe5 Nd7 13. Qc3 Qc7 14. f4 d4 15. Qc2 c5 16. Nf3 a6 17.
a4 Nb8 18. f5 Nc6 19. Bf4 Nb4 20.
Qe2 Rfd8 21. f6 Bf8 22. Ng5 g6 23. Bh3 d3 24. Qf2 Qc6 25. Re1 Nc2 26. Rad1 Nxe1 27.
Rxe1 Rd4 28. Bd2 Rc7 29. Rf1 Bc8 30. b3 b5 31. Bc3 Rd8 32. axb5 axb5 33. Ba5 bxc4 34.
bxc4 Bh6 35. Bxc7 Qxc7 36. Nxe6 Bxe6 37. Bxe6 fxe6 38. f7+ Kf8 39. Qf6 Bg7 40. Qxe6 d2 41.
Qg4 Qd7 42. e6 d1=Q 43. Qh3 Qxf1+ 44. Kxf1 Qd2 45. Qh4 Qd1+ 46. Kg2 Rd2+ 47. Kh3 Qf1+ 48. Kg4 h5+ 49. Qxh5 gxh5+ 50. Kh4 Qf6+ 51. Kh3 Qxe6+ 52. Kh4 Qg4# 0-1